 Dungeon Crawl Stone Soup version 0.30.1-8-g117510f58f (webtiles) character file.

Game seed: 12306027036989940681

543 monsoonserge the Insei (level 7, 0/54 HPs)
             Began as a Demonspawn Monk on Sept 24, 2023.
             Slain by a gnoll
             ... wielding a +0 halberd
             ... led by a gnoll bouda
              (9 damage)
             ... on level 4 of the Dungeon.
             The game lasted 00:10:50 (2485 turns).

monsoonserge the Insei (Demonspawn Monk)            Turns: 2485, Time: 00:10:50

Health: 0/54       AC:  7    Str: 14    XL:     7   Next: 6%
Magic:  7/7        EV: 10    Int: 11    God:
Gold:   241        SH:  4    Dex: 17    Spells: 6/6 levels left

rFire   . .          .
                       - Unarmed
rCold   . . .        d - orb {light}
rNeg    . . .        v - +0 scale mail
rPois   .            a - +1 hat
rElec   .            (no cloak)
rCorr   .            (no gloves)
SInv    .            (no boots)
Will    .....        (no amulet)
Stlth   +            i - +4 ring of protection
HPRegen 0.29/turn    (no ring)
MPRegen 0.10/turn

%: no passive effects
@: brilliant, weak-willed, corroded, attractive, flying, glowing
A: claws 2, thin skeletal structure 1, condensation shield
a: no special abilities


You were on level 4 of the Dungeon.
You visited 1 branch of the dungeon, and saw 4 of its levels.

You collected 241 gold pieces.

Inventory:

Missiles
 q - a throwing net
 s - 4 boomerangs (quivered)
 A - 2 javelins
Armour
 a - a +1 hat (worn)
 b - a +0 robe
 d - an orb of light (worn)
 j - a +0 leather armour
 l - a +0 ring mail
 r - a +0 plate armour
 v - a +0 scale mail (worn)
Magical Staves
 y - a staff of conjuration
 z - a staff of fire
Jewellery
 e - a ring of protection from fire
 i - a +4 ring of protection (left claw)
Scrolls
 h - a scroll of magic mapping {unknown}
 p - a scroll of vulnerability
 u - a scroll of noise {unknown}
 w - a scroll of teleportation {unknown}
Potions
 c - a potion of ambrosia
 f - a potion of brilliance
 g - a potion of flight
 k - a potion of attraction
 m - a potion of curing
 n - 2 potions of haste {unknown}
 o - a potion of might {unknown}
 t - a potion of degeneration {unknown}
 x - a potion of mutation {unknown}


   Skills:
 + Level 4.0 Fighting
 - Level 2.9 Long Blades
 + Level 2.2 Armour
 - Level 3.0 Dodging
 * Level 5.3 Unarmed Combat


You had 6 spell levels left.
You didn't know any spells.
Your spell library contained the following spells:

 Spells                   Type           Power      Damage    Failure   Level
 Summon Small Mammal      Summ           0%         N/A       83%         1
 Ensorcelled Hibernation  Hex/Ice        0%         N/A       92%         2
 Spider Form              Tmut/Pois      0%         N/A       99%         3
 Vhi's Electric Charge    Tloc/Air       0%         N/A       99%         3
 Anguish                  Hex/Necr       0%         N/A       100%        4
 Arcjolt                  Conj/Air       0%         1d10      100%        5
 Maxwell's Capacitive Co  Air            0%         ∞         100%        8


Dungeon Overview and Level Annotations

Branches:
Dungeon (4/15)
 Temple: D:4-7

Altars:

Annotations:
D:4 3 runed translucent doors, Thesaint's ghost, weakling HuFi


Innate Abilities, Weirdness & Mutations

You have very sharp fingernails.
You have a somewhat thin skeletal structure. (Dex +2, Stealth+)
A meltable shield of frost defends you. (SH +4)


Message History

You kill the gnoll bouda!
The adder bites you.
You have reached level 7!
You scratch the jelly. The acid corrodes you!
Your claws burn!
The jelly is lightly wounded.
The adder bites you.
You are poisoned.
The adder poisons you! The jelly barely misses you.
You scratch the jelly.
Your claws burn!
The jelly is heavily wounded.
You feel sick. The adder bites you but does no damage.
The gnoll hits you from afar with a +0 halberd!
The jelly hits you.
You are splashed with acid!
* * * LOW HITPOINT WARNING * * *
Unknown command.
Okay, then.
You aren't carrying any items that you can evoke.
It was a potion of brilliance.
You feel clever all of a sudden.
You feel sick. The adder barely misses you.
The gnoll hits you from afar with a +0 halberd.
* * * LOW HITPOINT WARNING * * *
The adder closely misses you. The jelly hits you but does no damage.
It was a potion of flight.
You feel very buoyant.
You fly up into the air.
You feel sick. The gnoll barely misses you. The adder closely misses you.
The jelly hits you but does no damage.
It was a potion of attraction.
You feel attractive to monsters.
You feel sick. The adder bites you but does no damage.
The gnoll closely misses you. The jelly misses you.
It was a potion of curing.
You feel better.
The gnoll is no longer moving quickly.
The adder bites you but does no damage.
The gnoll hits you from afar with a +0 halberd.
* * * LOW HITPOINT WARNING * * *
You block the adder's attack. You block the jelly's attack.
As you read the scroll labelled TUEGHO IKOXELL, it crumbles to dust.
Magic quickly surges around you.
It was a scroll of vulnerability.
The gnoll hits you from afar with a +0 halberd!
You die...

..# ..# ..########
.........#########
...............).#
..##############.##
..# #..# ..# #..#
..# #@.# ..# #JS#
8.# #sg## .###
.g(##.######## ...#
#..#.........# ##.#
#............# # ##
#............#
#..##...g.s<.#
#........#


You could see a scorpion (weak-willed), a jelly (weak-willed), 2 gnolls and an
adder (weak-willed).

Vanquished Creatures
  Grinder (D:3)
  A phantom (D:4)
  A gnoll bouda (D:4)
  An orc priest (D:3)
  3 gnolls (D:4)
  5 adders
  2 white imps
  3 worms
  3 dart slugs
  14 orcs
  5 ball pythons
  6 bats
  10 endoplasms
  2 giant cockroaches
  7 goblins
  10 hobgoblins
  3 jackals (D:3)
  6 kobolds
  4 quokkas
  4 frilled lizards
  2 goblin skeletons (D:3)
  A goblin zombie (D:3)
  A hobgoblin zombie (D:3)
  A kobold skeleton (D:3)
  2 kobold zombies (D:3)
  2 orc skeletons (D:3)
  An orc zombie (D:3)
  6 rats
107 creatures vanquished.

Notes
Turn   | Place    | Note
-------+----------+-------------------------------------------
     0 | D:1      | monsoonserge the Demonspawn Monk began the quest for the
                  | Orb.
     0 | D:1      | Reached XP level 1. HP: 18/18 MP: 1/1
    59 | D:1      | Gained mutation: You have sharp fingernails. [demonic
                  | ancestry]
    59 | D:1      | Reached XP level 2. HP: 17/24 MP: 2/2
   407 | D:1      | Reached XP level 3. HP: 29/29 MP: 3/3
   441 | D:1      | Reached skill level 1 in Unarmed Combat
   811 | D:2      | Gained mutation: A meltable shield of frost defends you.
                  | (SH +4) [demonic ancestry]
   811 | D:2      | Reached XP level 4. HP: 36/37 MP: 4/4
   935 | D:2      | Reached skill level 2 in Unarmed Combat
  1296 | D:3      | Noticed Grinder
  1509 | D:3      | Reached skill level 1 in Armour
  1509 | D:3      | Reached skill level 3 in Unarmed Combat
  1509 | D:3      | Gained mutation: You have a somewhat thin skeletal
                  | structure. (Dex +2, Stealth+) [demonic ancestry]
  1509 | D:3      | Reached XP level 5. HP: 20/42 MP: 5/5
  1728 | D:3      | Found a faded altar of an unknown god.
  1737 | D:3      | Got Plato's Quarto of the Commander
  2026 | D:3      | Paralysed by Grinder for 3 turns
  2035 | D:3      | Killed Grinder
  2036 | D:3      | Reached skill level 4 in Unarmed Combat
  2036 | D:3      | Gained mutation: You have very sharp fingernails. [demonic
                  | ancestry]
  2036 | D:3      | Reached XP level 6. HP: 37/48 MP: 6/6
  2299 | D:4      | Reached skill level 5 in Unarmed Combat
  2421 | D:4      | Found a runed translucent gate.
  2421 | D:4      | Noticed Thesaint's ghost (weakling HuFi)
  2422 | D:4      | Found a runed translucent gate.
  2423 | D:4      | Found a runed translucent gate.
  2424 | D:4      | Identified the +5 chain mail of Dim Light {Regen+}
  2424 | D:4      | Noticed an orc warrior
  2424 | D:4      | Identified the +7 mace "Cahih" {venom, Fragile Str+7 Int-2
                  | Dex+2}
  2479 | D:4      | Reached XP level 7. HP: 39/54 MP: 7/7
  2485 | D:4      | Slain by a gnoll

Illustrated notes

Levels and vault maps discovered:
D:1:      spicycebolla_arrival_clurvy, layout_loops_ring
D:2:      wander_river, layout_rooms
D:3:      layout_loops_ring, nicolae_tso_besieged_by_evil,
          shapermc_ecumenical_altar_rom_forum, uniq_grinder
D:4:      minmay_diamond_boxcup, layout_rooms, biasface_ghost_orc_armoury

Skill      XL: |  1  2  3  4  5  6 |
---------------+-------------------+-----
Dodging        | 3 |  3.0
Unarmed Combat | 1 3 4 5 |  5.3
Fighting       | 4 |  4.0
Armour         | 1 2 |  2.2
Long Blades    | |  2.9

Action                     |  1- 3 |  4- 6 |  7- 9 || total
---------------------------+-------+-------+-------++-------
  Melee: Short sword       |    84 |    91 |       ||   175
         Falchion          |     1 |       |       ||     1
         Unarmed           |       |   113 |     2 ||   115
  Throw: Dart              |       |     2 |       ||     2
         Boomerang         |       |     1 |       ||     1
    Use: Potion            |       |       |     4 ||     4
         Scroll            |       |       |     1 ||     1
   Stab: Sleeping          |       |     1 |       ||     1
 Armour: Robe              |    14 |       |       ||    14
         Leather armour    |     5 |       |       ||     5
         Ring mail         |     3 |     7 |       ||    10
         Scale mail        |       |    67 |     5 ||    72
  Dodge: Dodged            |    47 |    78 |     7 ||   132
  Block: Orb               |       |    23 |     2 ||    25
